 Dungeon Crawl Stone Soup version 0.19.4-9-g45fd643 (webtiles) character file.

46 nono the Ruffian (level 3, 0/28 HPs)
             Began as a Ghoul Wanderer on Feb 16, 2017.
             Killed from afar by Crazy Yiuf (2 damage)
             ... with a wand of flame
             ... on level 2 of the Dungeon.
             The game lasted 00:03:16 (1119 turns).

nono the Ruffian (Ghoul Wanderer)                   Turns: 1119, Time: 00:03:16

Health: 0/28       AC:  9    Str: 15    XL:     3   Next: 66%
Magic:  4/4        EV:  9    Int:  7    God:
Gold:   33         SH:  0    Dex:  9    Spells: 0 memorised, 5 levels left

rFire  . . .     SeeInvis .       - Unarmed
rCold  + . .     Gourm    .     a - +2 scale mail
rNeg   + + +     Faith    .     (no shield)
rPois  ∞         Spirit   .     (no helmet)
rElec  .         Reflect  .     (no cloak)
rCorr  .         Harm     .     i - +0 pair of gloves (curse)
MR     .....                    (no boots)
Stlth  ..........               (no amulet)
                                (no ring)
                                (no ring)

@: rotting
A: rotting body, claws 1, carnivore 3, cold resistance 1, negative energy
resistance 3, slow regeneration 1, torment resistance, unbreathing
a: no special abilities


You were on level 2 of the Dungeon.
You were not hungry.

You visited 1 branch of the dungeon, and saw 2 of its levels.

You collected 33 gold pieces.

Inventory:

Hand Weapons
 c - a +0 shortbow
 e - a +0 dagger
Missiles
 d - 20 arrows
Armour
 a - a +2 scale mail (worn)
 i - a cursed +0 pair of gloves (worn)
Scrolls
 b - a scroll of teleportation
 g - a scroll of enchant weapon {unknown}
 k - a scroll of recharging {unknown}
Potions
 h - a potion of invisibility {unknown}
 j - a potion of curing {unknown}
Comestibles
 f - a meat ration


   Skills:
 - Level 1.1 Fighting
 - Level 1.7 Bows
 - Level 1.7 Armour
 - Level 2.1 Stealth
 + Level 3.4 Unarmed Combat
 - Level 1.7 Spellcasting
   Level 1.0 Fire Magic


You had 5 spell levels left.
You didn't know any spells.

Dungeon Overview and Level Annotations

Branches:
Dungeon (2/15)

Altars:

Annotations:
D:2 Crazy Yiuf


Innate Abilities, Weirdness & Mutations

Your body is rotting away.
You thrive on raw meat.
You are immune to poison.
You have sharp fingernails.
You are carnivorous and can eat meat at any time.
Your flesh is cold resistant. (rC+)
You are immune to negative energy. (rN+++)
You regenerate slowly when monsters are visible.
You are immune to unholy pain and torment.
You can survive without breathing.


Message History

You hit Crazy Yiuf.
Crazy Yiuf is lightly wounded.
Crazy Yiuf drinks a potion.
Crazy Yiuf suddenly seems more resistant.
You hit Crazy Yiuf but do no damage.
Crazy Yiuf is lightly wounded.
Crazy Yiuf zaps a wand.
The puff of flame hits you!
You closely miss Crazy Yiuf.
Crazy Yiuf is lightly wounded.
You barely miss Crazy Yiuf.
Crazy Yiuf is lightly wounded.
Crazy Yiuf hits you with a quarterstaff of chaos.
Space warps horribly around you!
Crazy Yiuf says, "Trifle!
Iron high wrapper."
Crazy Yiuf zaps a wand.
The puff of flame hits you!
Crazy Yiuf zaps a wand.
The puff of flame hits you!
* * * LOW HITPOINT WARNING * * *
Crazy Yiuf grits, "Papa!
Defame cower return to song."
Crazy Yiuf zaps a wand.
The puff of flame hits you!
You die...

### ... ##♣♣♣♣♣ #.#
###...♣.♣♣♣ ## #.#
##......♣..♣#.. #.#
#......♣♣♣♣.'..
#.###.g#..♣♣ ♣♣#..
#.##..###♣♣ ##
#.@....# #.###### #.#
### #.####### #.#
#........ #.#
####.####### #.# #
#....#############.# #
#%###..............###
# #..############....


You could see Crazy Yiuf.

Vanquished Creatures
  An adder (D:2)
  A worm (D:2)
  3 bats
  5 giant cockroaches (D:1)
  A goblin (D:1)
  2 hobgoblins (D:1)
  3 jackals (D:1)
  4 frilled lizards
  6 kobolds
  7 rats (D:1)
33 creatures vanquished.

Notes
Turn   | Place    | Note
-------+----------+-------------------------------------------
     0 | D:1      | nono the Ghoul Wanderer began the quest for the Orb.
     0 | D:1      | nono set off with: a +2 scale mail, a scroll of teleportation, a +0 shortbow, 20 arrows, a +0 dagger, a meat ration
     0 | D:1      | Reached XP level 1. HP: 16/16 MP: 2/2
    25 | D:1      | Reached skill level 1 in Unarmed Combat
    59 | D:1      | Reached XP level 2. HP: 22/23 MP: 3/3
   231 | D:1      | Reached skill level 2 in Unarmed Combat
   464 | D:1      | Reached XP level 3. HP: 28/28 MP: 4/4
   844 | D:1      | Reached skill level 3 in Unarmed Combat
  1002 | D:2      | Found a runed door.
  1097 | D:2      | Noticed Crazy Yiuf
  1119 | D:2      | Killed from afar by Crazy Yiuf

Skill      XL: |  1  2  3 |
---------------+----------+-----
Unarmed Combat | 1 2 3 |  3.4
Fighting       | |  1.1
Bows           | |  1.7
Armour         | |  1.7
Stealth        | |  2.1
Spellcasting   | |  1.7
Fire Magic     | |  1.0

Action                   || total
-------------------------++-------
Melee: Unarmed           ||   173
  Eat: Chunk             ||     8
Armor: Scale mail        ||    96
Dodge: Dodged            ||    68
